 Dungeon Crawl Stone Soup version 0.17-a0-1545-gc1bb672 (webtiles) character file.

126 Lathuz the Conjurer (level 4, 0/24 HPs)
             Began as a Deep Elf Conjurer on July 18, 2015.
             Slain by a scorpion (7 damage)
             ... on level 2 of the Dungeon.
             The game lasted 00:05:22 (1717 turns).

Lathuz the Conjurer (Deep Elf Conjurer)             Turns: 1717, Time: 00:05:22

Health: 0/24       AC:  2    Str:  6    XL:     4   Next: 83%
Magic:  1/10       EV: 13    Int: 20    God:
Gold:   65         SH:  0    Dex: 15    Spells: 1 memorised, 8 levels left

rFire  . . .     SeeInvis .     (no weapon)
rCold  . . .     Clarity  .     a - +0 robe
rNeg   . . .     SustAt   .     (no shield)
rPois  .         Gourm    .     (no helmet)
rElec  .         Spirit   .     (no cloak)
rCorr  .         Warding  .     (no gloves)
rMut   .         Stasis   .     (no boots)
MR     .....                    (no amulet)
Stlth  ++........               (no ring)
                                (no ring)

@: not resistant to hostile enchantments, unstealthy
A: no striking features
a: no special abilities


You were on level 2 of the Dungeon.
You were not hungry.

You visited 1 branch of the dungeon, and saw 3 of its levels.

You collected 65 gold pieces.

Inventory:

Armour
 a - a +0 robe (worn)
Scrolls
 e - 2 scrolls of blinking {unknown}
 f - 2 scrolls of identify {unknown}
 g - 2 scrolls of remove curse {unknown}
 j - 2 scrolls of enchant weapon {unknown}
 l - 2 scrolls of enchant armour {unknown}
 n - a scroll of fear {unknown}
Potions
 d - a potion of agility {unknown}
 i - a potion of lignification {unknown}
 k - a potion of heal wounds
 m - a potion of resistance {unknown}
Books
 b - a book of Conjurations

   Spells                             Type                      Level
   a - Magic Dart                     Conjuration                  1
   b - Searing Ray                    Conjuration                  2
   c - Dazzling Spray                 Conjuration/Hexes            3
   d - Fulminant Prism                Conjuration/Hexes            4
   e - Iskenderun's Mystic Blast      Conjuration                  4
   f - Iskenderun's Battlesphere      Conjuration/Charms           5
Comestibles
 c - a bread ration
 h - a beef jerky


   Skills:
 - Level 2.4 Dodging
 - Level 2.4 Stealth
 - Level 3.0 Spellcasting
 + Level 6.8 Conjurations


You had 8 spell levels left.
You knew the following spells:

 Your Spells              Type           Power        Failure   Level  Hunger
a - Magic Dart            Conj           ####         1%          1    None


Dungeon Overview and Level Annotations

Branches:
Dungeon (3/15)

Altars:


Message History

Press: ? - help, Shift-Dir - straight line, f/p - scorpion
Aim: a scorpion (severely wounded)
The magic dart hits the scorpion.
The scorpion is severely wounded.
The scorpion stings you!
You see here a bat skeleton.
There is a stone staircase leading up here.
The scorpion stings you!
* * * LOW HITPOINT WARNING * * *
You climb upwards.
There is a stone staircase leading down here.
Casting: Magic Dart
Confirm with . or Enter, or press ? or * to list all spells.
Aiming: Magic Dart
Press: ? - help, Shift-Dir - straight line, f - scorpion
Aim: a scorpion (severely wounded)
The magic dart hits the scorpion.
The scorpion is severely wounded.
The scorpion stings you!
You die...

#.# .######.# ........#
#######.####### ######## ###
#.##.....
#.##...######.#######.##.####
#.####.......#...........####
####.####.#####.s###.#.#.##.##..
#.........# #@####.#.#.##.##.#
##.#####.### #.#........##..)..
....# #.# #.#.##.#.####.##.#
##.## #.# #....#.#.####.##.# ###
###.## #......#......##.#
######....### ##...##########..#
..##....#)..# #...# ####.##
..##......#.#####...#######......
..##......#..............##.##.##


You could see a scorpion.

Vanquished Creatures
  Ijyb (D:2)
  Natasha (twice) (D:2)
  An adder (D:2)
  A gnoll (D:1)
  An ooze (D:2)
  2 giant geckos (D:1)
  A ball python (D:1)
  4 goblins
  4 hobgoblins
  4 kobolds
  10 bats
  A giant cockroach (D:2)
  12 rats
44 creatures vanquished.

Notes
Turn   | Place    | Note
--------------------------------------------------------------
     0 | D:1      | Lathuz the Deep Elf Conjurer began the quest for the Orb.
     0 | D:1      | Reached XP level 1. HP: 10/10 MP: 6/6
   116 | D:1      | Reached XP level 2. HP: 15/15 MP: 6/8
   146 | D:1      | Reached skill level 5 in Conjurations
   604 | D:2      | Reached XP level 3. HP: 19/19 MP: 6/9
   858 | D:2      | Noticed Natasha
   868 | D:2      | Killed Natasha
   868 | D:2      | Reached skill level 6 in Conjurations
  1242 | D:2      | Reached XP level 4. HP: 24/24 MP: 8/10
  1298 | D:2      | Noticed Ijyb
  1423 | D:2      | Killed Ijyb
  1591 | D:2      | Noticed Natasha
  1592 | D:2      | Killed Natasha
  1717 | D:2      | Slain by a scorpion

Vault maps used:
D:1:      lightli_arrival_chessboard
D:2:      kennysheep_the_goblin_king, grunt_ministairs_6, minmay_lizard_king,
          uniq_iyjb, uniq_natasha
D:3:      nicolae_overflow_crystal_walls

Action                   |  1- 3 |  4- 6 || total
-------------------------+-------+-------++-------
 Cast: Magic Dart        |    56 |    41 ||    97
  Eat: Chunk             |     1 |     1 ||     2
